 Seeded DCSS version 0.26.1-2-gb8aa6d0cf2 (webtiles) character file.

Game seed: 3375810850756268694 (custom seed)

210 rocky1 the Shield-Bearer (level 5, -3/41 HPs)
             Began as a Demonspawn Fighter on Mar 30, 2021.
             Splashed by Ijyb's acid (12 damage)
             ... on level 3 of the Dungeon.
             The game lasted 00:07:41 (2526 turns).

rocky1 the Shield-Bearer (Demonspawn Fighter)       Turns: 2526, Time: 00:07:42

Health: -3/41      AC: 16    Str: 17    XL:     5   Next: 57%
Magic:  0/5        EV:  8    Int: 10    God:
Gold:   99         SH:  9    Dex: 12    Spells: 4/4 levels left

rFire    . . .     SeeInvis .   a - +1 long sword
rCold    . . .     Faith    .   c - +0 kite shield
rNeg     . . .     Spirit   +   b - +0 scale mail
rPois    .         Reflect  .   e - +0 helmet
rElec    .         Harm     .   (no cloak)
rCorr    .         Rampage  .   k - +1 pair of gloves
Will     .....                  (no boots)
Stlth    ..........             (no amulet)
HPRegen  0.13/turn              (no ring)
MPRegen  0.09/turn              (no ring)

@: sanguine armour
A: claws 1, magic shield, sanguine armour 1
a: no special abilities


You were on level 3 of the Dungeon.
You visited 1 branch of the dungeon, and saw 3 of its levels.

You collected 99 gold pieces.

Inventory:

Hand Weapons
 a - a +1 long sword (weapon)
Armour
 b - a +0 scale mail (worn)
 c - a +0 kite shield (worn)
 e - a +0 helmet (worn)
 k - a +1 pair of gloves (worn)
Jewellery
 m - a +6 ring of intelligence {unknown}
Scrolls
 g - a scroll of enchant armour
 h - a scroll of remove curse {unknown}
 i - 2 scrolls of identify
 n - a scroll of magic mapping {unknown}
Potions
 d - a potion of might
 f - a potion of resistance
 j - 3 potions of heal wounds
 l - a potion of magic
 o - a potion of curing {unknown}


   Skills:
 - Level 3.0 Fighting
 + Level 3.0 Long Blades
 + Level 3.6 Armour
 + Level 2.2 Dodging
 + Level 3.7 Shields


You had 4 spell levels left.
You didn't know any spells.
Your spell library was empty.

Dungeon Overview and Level Annotations

Branches:
Dungeon (3/15)

Altars:
Trog

Annotations:
D:3 Ijyb


Innate Abilities, Weirdness & Mutations

You have sharp fingernails.
When hurt, damage is shared between your health and your magic reserves.
When seriously injured, your bleeding wounds create armour. (AC +6)


Message History

Ijyb zaps a wand.
The bolt of acid hits you!
Your blood congeals into armour.
The acid corrodes you!
You are splashed with acid!
You are no longer corroded.
A leopard gecko and a goblin come into view.
The goblin shouts!
You hit the goblin.
The goblin is almost dead.
You block the leopard gecko's attack. You block the goblin's attack.
The leopard gecko barely misses you.
You riposte.
You closely miss the leopard gecko. You slash the goblin!
You kill the goblin!
You block the leopard gecko's attack. The leopard gecko barely misses you.
You riposte.
You closely miss the leopard gecko. You hit Ijyb.
Ijyb is lightly wounded.
Ijyb zaps a wand.
The bolt of acid hits you!
* * * LOW HITPOINT WARNING * * *
You are splashed with acid!
You die...

#...#..#.....#.#
##.(.#..#.)...# .. .
#...###.##...## .#
##.#####g).#.#g.#...#
#
#.........##.##.##)##
#.###.....#...#..#.#
#....##...##.###
#....#....?#..# .
#....#...l@#..#....
#..........g....#
#.............###
#.................
#...........######
###....###### #.....
##. #


You could see Ijyb and a leopard gecko.

Vanquished Creatures
  Jessica (D:2)
  Natasha (thrice) (D:2)
  3 gnolls (D:2)
  An adder (D:2)
  An ooze (D:1)
  A worm (D:2)
  4 giant cockroaches
  13 goblins
  8 hobgoblins
  2 quokkas (D:2)
  A ball python (D:1)
  11 bats
  3 frilled lizards
  7 kobolds
  6 rats
65 creatures vanquished.

Notes
Turn   | Place    | Note
-------+----------+-------------------------------------------
     0 | D:1      | rocky1 the Demonspawn Fighter began the quest for the Orb.
     0 | D:1      | Reached XP level 1. HP: 18/18 MP: 1/1
   209 | D:1      | Gained mutation: When seriously injured, your bleeding
                  | wounds create armour. (AC +6) [demonic ancestry]
   209 | D:1      | Reached XP level 2. HP: 24/24 MP: 2/2
   787 | D:1      | Gained mutation: When hurt, damage is shared between your
                  | health and your magic reserves. [demonic ancestry]
   787 | D:1      | Reached XP level 3. HP: 25/29 MP: 3/3
  1163 | D:2      | Reached skill level 1 in Dodging
  1220 | D:2      | Noticed Jessica
  1229 | D:2      | Killed Jessica
  1230 | D:2      | Reached XP level 4. HP: 35/35 MP: 4/4
  1890 | D:2      | Found a bloodstained altar of Trog.
  2090 | D:2      | Noticed Natasha
  2100 | D:2      | Killed Natasha
  2101 | D:2      | Gained mutation: You have sharp fingernails. [demonic
                  | ancestry]
  2101 | D:2      | Reached XP level 5. HP: 31/41 MP: 5/5
  2257 | D:2      | Noticed Natasha
  2263 | D:2      | Killed Natasha
  2403 | D:2      | Noticed Natasha
  2409 | D:2      | Killed Natasha
  2502 | D:3      | Noticed Ijyb
  2526 | D:3      | Splashed by Ijyb's acid

Illustrated notes

Levels and vault maps discovered:
D:1:      wander_arrival_lonely_grave, layout_loops_corners
D:2:      layout_loops_cross, marbit_many_paths, chequers_serial_rivers_micro_a,
          grunt_ministairs_4, minmay_pentomino_u4, uniq_natasha, uniq_jessica
D:3:      cheibrodos_helix_gallery, layout_basic, nrook_campfire,
          minmay_unequal, uniq_ijyb

Skill      XL: |  1  2  3  4  5 |
---------------+----------------+-----
Long Blades    | 2 3 |  3.0
Shields        | 3 |  3.7
Armour         | 3 |  3.6
Dodging        | 1 2 |  2.2
Fighting       | |  3.0

Action                   |  1- 3 |  4- 6 || total
-------------------------+-------+-------++-------
Melee: Long sword        |   119 |   113 ||   232
  Use: Scroll            |       |     7 ||     7
       Potion            |       |     1 ||     1
Armor: Scale mail        |    80 |    65 ||   145
Dodge: Dodged            |    48 |    37 ||    85
Block: Kite shield       |    77 |    59 ||   136
       Rpst.: Long sword |    19 |    12 ||    31
